Anaheim Ducks vs Washington Capitals
Created - Wednesday, June 5, 2024 at 06:55
Goals
|
| Anaheim Ducks |
0 |
1 |
0 |
1 |
| Washington Capitals |
0 |
1 |
2 |
3 |
|
Shots
|
| Anaheim Ducks |
12 |
9 |
12 |
33 |
| Washington Capitals |
5 |
10 |
9 |
24 |
|
1st period
No Goal
Penalties :
Joshua Morrissey (ANA) for Slashing (Minor) at 6:35, David Savard (WSH) for Slashing (Minor) at 11:12, Ian Cole (WSH) for Hooking (Minor) at 17:46
2nd period
1. Anaheim Ducks , Teuvo Teravainen 13 (Nazem Kadri 17, Ivan Provorov 17) at 2:01
2. Washington Capitals , Brad Marchand 15 (Drake Batherson 23) at 7:18
Penalties :
Dominik Kubalik (WSH) for Cross-checking (Minor) at 8:04, Ian Cole (WSH) for Hooking (Minor) at 14:23
3rd period
3. Washington Capitals , Drake Batherson 16 (Brad Marchand 31, Nico Hischier 40) at 16:08
4. Washington Capitals , Nico Hischier 26 (Ian Cole 8, Jake Oettinger) at 19:55 (Empty Net)
Penalties :
Brayden Schenn (ANA) for Roughing (Minor) at 2:20, Alex Ovechkin (WSH) for Hooking (Minor) at 7:26, Brad Marchand (WSH) for Roughing (Minor) at 10:39, Dylan DeMelo (WSH) for High sticking (Minor) at 17:42
Goalie Stats
Linus Ullmark (ANA), 21 saves from 23 shots - (0.913), L, 36-22-4, 58:42 minutes
Jake Oettinger (WSH), 32 saves from 33 shots - (0.970), W, 33-25-7, 60:00 minutes
Players Stats for Anaheim Ducks
Player Name G A P +/- PIM S H SB GA TA FO MP PP MP PK MP
------------------------------------------------------------------------------------
Alex Killorn 0 0 0 1 0 3 1 0 0 1 0/0 11:58 0:39 1:58
Brayden Schenn 0 0 0 0 2 4 2 0 2 0 0/0 19:14 6:35 0:12
Brenden Dillon 0 0 0 -2 0 2 0 0 0 0 0/0 15:47 0:00 2:07
Calle Jarnkrok 0 0 0 0 0 0 1 0 0 0 0/0 7:13 0:20 0:00
Chandler Stephenson 0 0 0 0 0 1 3 0 3 0 3/11 20:08 6:35 1:28
Esa Lindell 0 0 0 0 0 2 0 0 0 1 0/0 21:16 5:50 1:51
Ivan Provorov 0 1 1 1 0 2 0 1 0 0 0/0 16:17 0:00 2:07
J.T. Compher 0 0 0 0 0 1 0 0 1 0 2/8 10:09 0:46 1:58
John Tavares 0 0 0 -3 0 1 1 0 2 1 16/25 20:22 6:42 0:00
Josh Manson 0 0 0 -2 0 1 1 4 0 0 0/0 22:11 5:50 1:51
Joshua Morrissey 0 0 0 -1 2 1 1 0 0 1 0/0 21:39 8:03 0:00
Mark Scheifele 0 0 0 -3 0 1 3 0 1 0 3/3 20:35 6:43 0:00
Mason Marchment 0 0 0 0 0 2 1 0 1 0 0/0 6:51 0:00 0:00
Max Domi 0 0 0 0 0 2 1 0 2 0 0/0 19:06 6:35 0:32
Morgan Rielly 0 0 0 0 0 1 0 1 0 0 0/0 22:55 8:03 0:00
Nazem Kadri 0 1 1 1 0 1 0 0 0 0 2/7 9:19 0:00 0:20
Teuvo Teravainen 1 0 1 1 0 3 1 0 0 0 0/0 10:33 0:00 1:28
William Nylander 0 0 0 -3 0 5 0 0 1 0 1/1 20:27 6:44 0:00
Players Stats for Washington Capitals
Player Name G A P +/- PIM S H SB GA TA FO MP PP MP PK MP
------------------------------------------------------------------------------------
Alex Ovechkin 0 0 0 -1 2 1 2 0 0 1 0/0 17:14 2:07 0:00
Brad Marchand 1 1 2 3 2 7 1 0 0 2 1/1 19:13 0:00 6:17
Brayden Point 0 0 0 -1 0 3 1 0 0 0 12/20 17:00 2:07 0:00
David Savard 0 0 0 0 2 0 2 4 0 1 0/0 24:13 2:33 6:07
Dominik Kubalik 0 0 0 0 2 2 1 0 0 0 1/1 7:42 0:00 0:47
Drake Batherson 1 1 2 2 0 1 1 0 1 1 0/2 13:47 1:51 0:00
Dylan DeMelo 0 0 0 0 2 0 2 1 0 0 0/0 14:31 1:25 1:54
Erik Johnson 0 0 0 0 0 0 1 0 0 0 0/0 17:34 0:00 6:41
Ian Cole 0 1 1 2 4 0 3 3 0 0 0/0 21:01 0:00 5:04
Isac Lundestrom 0 0 0 0 0 1 1 1 0 2 4/7 12:15 0:00 4:39
Jason Robertson 0 0 0 -1 0 1 2 1 0 0 0/0 17:00 2:07 0:00
John Carlson 0 0 0 0 0 2 0 2 0 1 0/0 19:25 2:33 0:22
Jordan Kyrou 0 0 0 0 0 0 0 1 0 0 0/0 6:57 0:00 0:00
Michael Mcleod 0 0 0 0 0 0 1 0 1 1 5/14 15:00 0:00 7:30
Nick Foligno 0 0 0 1 0 1 2 0 1 2 0/0 13:26 0:00 5:52
Nick Jensen 0 0 0 2 0 1 2 1 1 2 0/0 23:38 1:25 7:38
Nico Hischier 1 1 2 3 0 2 1 0 0 0 5/10 17:36 1:51 2:41
Owen Tippett 0 0 0 0 0 2 2 0 0 0 0/0 8:28 1:51 0:00
3 Stars
1 - Nico Hischier (WSH)
2 - Jake Oettinger (WSH)
3 - Drake Batherson (WSH)
Power Play
Anaheim Ducks - 0 on 7 Attempt(s) - 0.00%
Washington Capitals - 0 on 2 Attempt(s) - 0.00%
Penalty Kill
Anaheim Ducks - 2 on 2 Attempt(s) - 100.00%
- Score 0 goal in Penalty Kill
Washington Capitals - 7 on 7 Attempt(s) - 100.00%
- Score 0 goal in Penalty Kill
Team Stat
Anaheim Ducks - Hits : 16 - Faceoff Wins : 27 - Blocked Shots : 6 - Penalty Minutes : 4
Washington Capitals - Hits : 25 - Faceoff Wins : 28 - Blocked Shots : 14 - Penalty Minutes : 14
Official
Referees : Kevin Pollock and Rob Martell
Linesman : Kiel Murchison and Tony Sericolo
Game Notes
Nico Hischier has scored in a empty net!
Finance
Level 1 -- Attendance: 5705 (95.08%) -- Ticket Income $541,975
Level 2 -- Attendance: 5000 (100.00%) -- Ticket Income $275,000
Level 3 -- Attendance: 3000 (100.00%) -- Ticket Income $99,000
Level 4 -- Attendance: 5000 (100.00%) -- Ticket Income $110,000
Luxury Box -- Attendance: 805 (80.50%) -- Ticket Income $156,975
Game was played at the Verizon Center.
Total Attendance: 19510 (97.55%)
Total Ticket Income: $1,182,950
Other Income: $414,032
Total Income: $1,596,982
Anaheim Ducks
5 vs 5 Forward
Center Left Wing Right Wing Time % Phy DF OF
1 John Tavares William Nylander Mark Scheifele 38 1 2 2
2 Chandler Stephenson Max Domi Brayden Schenn 32 1 2 2
3 Nazem Kadri Teuvo Teravainen Alex Killorn 20 1 2 2
4 J.T. Compher Calle Jarnkrok Mason Marchment 10 1 2 2
5 vs 5 Defense
Defense Defense Time % Phy DF OF
1 Esa Lindell Joshua Morrissey 35 1 2 2
2 Ivan Provorov Morgan Rielly 35 1 2 2
3 Brenden Dillon Josh Manson 30 1 2 2
4 Esa Lindell Joshua Morrissey 0 1 2 2
PowerPlay Forward
Center Left Wing Right Wing Time % Phy DF OF
1 John Tavares William Nylander Mark Scheifele 60 1 1 3
2 Chandler Stephenson Max Domi Brayden Schenn 40 0 1 4
PowerPlay Defense
Defense Defense Time % Phy DF OF
1 Morgan Rielly Joshua Morrissey 60 1 2 2
2 Josh Manson Esa Lindell 40 1 2 2
Penalty Kill 4 Players Forward
Center Wing Time % Phy DF OF
1 J.T. Compher Alex Killorn 55 1 3 1
2 Chandler Stephenson Teuvo Teravainen 45 1 3 1
Penalty Kill 4 Players Defense
Defense Defense Time % Phy DF OF
1 Esa Lindell Josh Manson 50 1 3 1
2 Brenden Dillon Ivan Provorov 50 1 3 1
Penalty Kill - 3 Players Forward
Forward Time % Phy DF OF
1 Alex Killorn 50 1 3 1
2 J.T. Compher 50 1 3 1
Penalty Kill - 3 Players Defense
Defense Defense Time % Phy DF OF
1 Esa Lindell Josh Manson 50 1 3 1
2 Ivan Provorov Brenden Dillon 50 1 3 1
4 vs 4 Forward
Center Wing Time % Phy DF OF
1 John Tavares William Nylander 60 1 2 2
2 Chandler Stephenson Mark Scheifele 40 1 2 2
4 vs 4 Defense
Defense Defense Time % Phy DF OF
1 Esa Lindell Morgan Rielly 50 1 2 2
2 Ivan Provorov Joshua Morrissey 50 1 2 2
Last Minutes Offensive
Center Left Wing Right Wing Defense Defense
John Tavares William Nylander Mark Scheifele Joshua Morrissey Morgan Rielly
Last Minutes Defensive
Center Left Wing Right Wing Defense Defense
Chandler Stephenson Alex Killorn J.T. Compher Ivan Provorov Esa Lindell
Goaltenders
Starting : Linus Ullmark
Backup : James Reimer
Extra Forwards
Normal : William Nylander, Mark Scheifele, John Tavares - PP : William Nylander, Mark Scheifele - PK : Alex Killorn
Extra Defensemen
Normal : Morgan Rielly, Brenden Dillon, Esa Lindell - PP : Joshua Morrissey - PK : Esa Lindell, Josh Manson
Penalty Shots
Brenden Dillon, Teuvo Teravainen, Mark Scheifele, Calle Jarnkrok, Alex Killorn
Washington Capitals
5 vs 5 Forward
Center Left Wing Right Wing Time % Phy DF OF
1 Brayden Point Alex Ovechkin Jason Robertson 40 1 1 3
2 Nico Hischier Brad Marchand Drake Batherson 30 1 1 3
3 Michael Mcleod Owen Tippett Jordan Kyrou 20 1 1 3
4 Isac Lundestrom Nick Foligno Dominik Kubalik 10 1 1 3
5 vs 5 Defense
Defense Defense Time % Phy DF OF
1 John Carlson David Savard 37 2 3 0
2 Nick Jensen Ian Cole 35 2 3 0
3 Dylan DeMelo Erik Johnson 28 2 3 0
4 John Carlson Ian Cole 0 2 3 0
PowerPlay Forward
Center Left Wing Right Wing Time % Phy DF OF
1 Brayden Point Alex Ovechkin Jason Robertson 60 1 2 2
2 Nico Hischier Owen Tippett Drake Batherson 40 1 2 2
PowerPlay Defense
Defense Defense Time % Phy DF OF
1 David Savard John Carlson 60 1 2 2
2 Dylan DeMelo Nick Jensen 40 1 2 2
Penalty Kill 4 Players Forward
Center Wing Time % Phy DF OF
1 Michael Mcleod Brad Marchand 60 1 2 2
2 Isac Lundestrom Nick Foligno 40 1 2 2
Penalty Kill 4 Players Defense
Defense Defense Time % Phy DF OF
1 David Savard Ian Cole 60 1 2 2
2 Erik Johnson Nick Jensen 40 1 2 2
Penalty Kill - 3 Players Forward
Forward Time % Phy DF OF
1 Michael Mcleod 60 1 2 2
2 Isac Lundestrom 40 1 2 2
Penalty Kill - 3 Players Defense
Defense Defense Time % Phy DF OF
1 David Savard Ian Cole 60 1 2 2
2 Erik Johnson Nick Jensen 40 1 2 2
4 vs 4 Forward
Center Wing Time % Phy DF OF
1 Brayden Point Alex Ovechkin 60 1 2 2
2 Nico Hischier Jason Robertson 40 1 2 2
4 vs 4 Defense
Defense Defense Time % Phy DF OF
1 David Savard John Carlson 60 1 2 2
2 Dylan DeMelo Nick Jensen 40 1 2 2
Last Minutes Offensive
Center Left Wing Right Wing Defense Defense
Brayden Point Alex Ovechkin Jason Robertson David Savard John Carlson
Last Minutes Defensive
Center Left Wing Right Wing Defense Defense
Nico Hischier Brad Marchand Nick Foligno Nick Jensen Ian Cole
Goaltenders
Starting : Jake Oettinger
Backup : Sergei Bobrovsky
Extra Forwards
Normal : Jordan Kyrou, Drake Batherson, Dominik Kubalik - PP : Owen Tippett, Brayden Point - PK : Nico Hischier
Extra Defensemen
Normal : Nick Jensen, Dylan DeMelo, Ian Cole - PP : John Carlson - PK : Nick Jensen, Dylan DeMelo
Penalty Shots
Jason Robertson, Drake Batherson, Brayden Point, Alex Ovechkin, David Savard
% Time on Ice - Anaheim Ducks
Lines # - Real PCT - Wanted PCT - Time Play
Normal Forward
1 - 34% - 38% - 14:05
2 - 29% - 32% - 12:05
3 - 21% - 20% - 8:59
4 - 16% - 10% - 6:51
Normal Defense
1 - 32% - 35% - 13:34
2 - 36% - 35% - 15:16
3 - 31% - 30% - 13:10
4 - 0% - 0% - 0:00
PP Forward
1 - 50% - 60% - 6:59
2 - 50% - 40% - 6:54
PP Defense
1 - 58% - 60% - 8:03
2 - 42% - 40% - 5:50
PK Forward
1 - 63% - 55% - 2:30
2 - 37% - 45% - 1:28
PK Defense
1 - 47% - 50% - 1:51
2 - 53% - 50% - 2:07
PK3 Forward
1 - 0% - 50%
2 - 0% - 50%
PK3 Defense
1 - 0% - 50%
2 - 0% - 50%
44 Forward
1 - 0% - 60%
2 - 0% - 40%
44 Defense
1 - 0% - 50%
2 - 0% - 50%
Last Minute Offensive - 0:09
Last Minute Defensive - 0:00
Total
Forward - 60:00
Defense - 60:00
|
% Time on Ice - Washington Capitals
Lines # - Real PCT - Wanted PCT - Time Play
Normal Forward
1 - 39% - 40% - 16:35
2 - 28% - 30% - 11:56
3 - 16% - 20% - 6:37
4 - 16% - 10% - 6:55
Normal Defense
1 - 37% - 37% - 15:37
2 - 34% - 35% - 14:28
3 - 25% - 28% - 10:42
4 - 3% - 0% - 1:16
PP Forward
1 - 53% - 60% - 2:07
2 - 47% - 40% - 1:51
PP Defense
1 - 64% - 60% - 2:33
2 - 36% - 40% - 1:25
PK Forward
1 - 71% - 60% - 9:52
2 - 29% - 40% - 4:01
PK Defense
1 - 64% - 60% - 8:54
2 - 36% - 40% - 4:59
PK3 Forward
1 - 0% - 60%
2 - 0% - 40%
PK3 Defense
1 - 0% - 60%
2 - 0% - 40%
44 Forward
1 - 0% - 60%
2 - 0% - 40%
44 Defense
1 - 0% - 60%
2 - 0% - 40%
Last Minute Offensive - 0:00
Last Minute Defensive - 0:06
Total
Forward - 60:00
Defense - 60:00
|
Play-by-Play
1st period
0:01 of 1st period - Mark Scheifele wins face-off versus Brayden Point in neutral zone.
0:04 of 1st period - David Savard is hit by John Tavares and loses puck.
0:11 of 1st period - Snap shot by William Nylander.
0:11 of 1st period - Shot Misses the Net.
0:13 of 1st period - Snap shot by John Tavares.
0:13 of 1st period - Deflect By Mark Scheifele.
0:13 of 1st period - Shot Misses the Net.
0:13 of 1st period - Puck is out of play.
0:14 of 1st period - Nico Hischier wins face-off versus Chandler Stephenson in Washington Capitals zone.
0:29 of 1st period - Snap shot by Brad Marchand.
0:29 of 1st period - Stopped by Linus Ullmark without a rebound.
0:30 of 1st period - Nazem Kadri wins face-off versus Michael Mcleod in Anaheim Ducks zone.
1:01 of 1st period - Snap shot by William Nylander.
1:01 of 1st period - Shot Blocked by David Savard.
1:31 of 1st period - Snap shot by Nico Hischier.
1:31 of 1st period - Stopped by Linus Ullmark without a rebound.
1:32 of 1st period - Dominik Kubalik wins face-off versus J.T. Compher in Anaheim Ducks zone.
2:26 of 1st period - Wrist shot by Owen Tippett.
2:26 of 1st period - Stopped by Linus Ullmark with a rebound.
2:31 of 1st period - Off-side.
2:32 of 1st period - Nazem Kadri wins face-off versus Nico Hischier in neutral zone.
2:37 of 1st period - Snap shot by Nazem Kadri.
2:37 of 1st period - Shot Misses the Net.
2:45 of 1st period - Snap shot by Teuvo Teravainen.
2:45 of 1st period - Shot Misses the Net.
2:47 of 1st period - Backhand shot by Esa Lindell.
2:47 of 1st period - Stopped by Jake Oettinger with a rebound.
3:54 of 1st period - Morgan Rielly is hit by David Savard and loses puck.
4:25 of 1st period - Wrist shot by Brayden Schenn.
4:25 of 1st period - Shot Misses the Net.
4:27 of 1st period - Slapshot by Ivan Provorov.
4:27 of 1st period - Stopped by Jake Oettinger with a rebound.
4:29 of 1st period - Slapshot by Ivan Provorov.
4:29 of 1st period - Stopped by Jake Oettinger with a rebound.
4:42 of 1st period - Nick Jensen is hit by Brayden Schenn and loses puck.
5:40 of 1st period - Wrist shot by William Nylander.
5:40 of 1st period - Stopped by Jake Oettinger with a rebound.
5:42 of 1st period - Slapshot by Josh Manson.
5:42 of 1st period - Stopped by Jake Oettinger with a rebound.
5:44 of 1st period - Slapshot by Brenden Dillon.
5:44 of 1st period - Deflect By Dylan DeMelo.
5:44 of 1st period - Stopped by Jake Oettinger without a rebound.
5:45 of 1st period - Brayden Point wins face-off versus Chandler Stephenson in Washington Capitals zone.
5:45 of 1st period - Brayden Point is hit by Chandler Stephenson.
6:24 of 1st period - Wrist shot by Drake Batherson.
6:24 of 1st period - Deflect By Nico Hischier.
6:24 of 1st period - Shot Blocked by Josh Manson.
6:24 of 1st period - Puck is out of play.
6:25 of 1st period - Nico Hischier wins face-off versus John Tavares in Anaheim Ducks zone.
6:35 of 1st period - Minor Penalty to Joshua Morrissey for Slashing.
6:36 of 1st period - Brayden Point wins face-off versus J.T. Compher in Anaheim Ducks zone.
8:35 of 1st period - Penalty to Joshua Morrissey is over, Joshua Morrissey is back on ice.
9:13 of 1st period - Joshua Morrissey is hit by Owen Tippett and loses puck.
9:31 of 1st period - Mason Marchment is hit by Drake Batherson and loses puck.
9:46 of 1st period - Wrist shot by Alex Killorn.
9:46 of 1st period - Stopped by Jake Oettinger with a rebound.
10:06 of 1st period - Snap shot by J.T. Compher.
10:06 of 1st period - Shot Blocked by Ian Cole.
10:08 of 1st period - Wrist shot by J.T. Compher.
10:08 of 1st period - Stopped by Jake Oettinger with a rebound.
10:10 of 1st period - Snap shot by Josh Manson.
10:10 of 1st period - Shot Blocked by Jordan Kyrou.
10:12 of 1st period - Slapshot by Josh Manson.
10:12 of 1st period - Deflect By J.T. Compher.
10:12 of 1st period - Shot Blocked by Ian Cole.
10:12 of 1st period - Puck is out of play.
10:13 of 1st period - John Tavares wins face-off versus Michael Mcleod in Washington Capitals zone.
10:24 of 1st period - Snap shot by William Nylander.
10:24 of 1st period - Stopped by Jake Oettinger without a rebound.
10:25 of 1st period - John Tavares wins face-off versus Drake Batherson in Washington Capitals zone.
10:28 of 1st period - Snap shot by William Nylander.
10:28 of 1st period - Stopped by Jake Oettinger with a rebound.
10:52 of 1st period - Nick Jensen is hit by Alex Killorn and loses puck.
10:59 of 1st period - Snap shot by Nazem Kadri.
10:59 of 1st period - Stopped by Jake Oettinger without a rebound.
11:00 of 1st period - Chandler Stephenson wins face-off versus Brayden Point in Washington Capitals zone.
11:03 of 1st period - Wrist shot by Brayden Schenn.
11:03 of 1st period - Stopped by Jake Oettinger with a rebound.
11:12 of 1st period - Minor Penalty to David Savard for Slashing.
11:13 of 1st period - Michael Mcleod wins face-off versus John Tavares in Washington Capitals zone.
11:33 of 1st period - Michael Mcleod is hit by Mark Scheifele and loses puck.
11:45 of 1st period - Off-side.
11:46 of 1st period - Isac Lundestrom wins face-off versus Chandler Stephenson in neutral zone.
11:49 of 1st period - Brayden Schenn is hit by Ian Cole and loses puck.
11:56 of 1st period - Chandler Stephenson is hit by Nick Foligno and loses puck.
13:12 of 1st period - Penalty to David Savard is over, David Savard is back on ice.
13:41 of 1st period - Snap shot by J.T. Compher.
13:41 of 1st period - Deflect By Calle Jarnkrok.
13:41 of 1st period - Shot Misses the Net.
13:41 of 1st period - Puck is out of play.
13:42 of 1st period - J.T. Compher wins face-off versus Isac Lundestrom in Washington Capitals zone.
13:51 of 1st period - Snap shot by Nick Foligno.
13:51 of 1st period - Stopped by Linus Ullmark without a rebound.
13:52 of 1st period - John Tavares wins face-off versus Brayden Point in Anaheim Ducks zone.
15:23 of 1st period - Snap shot by Jason Robertson.
15:23 of 1st period - Shot Blocked by Ivan Provorov.
15:35 of 1st period - Alex Ovechkin is hit by Mark Scheifele and loses puck.
16:15 of 1st period - Snap shot by Chandler Stephenson.
16:15 of 1st period - Shot Blocked by Ian Cole.
16:21 of 1st period - Max Domi is hit by Owen Tippett and loses puck.
16:52 of 1st period - Calle Jarnkrok is hit by Erik Johnson and loses puck.
17:01 of 1st period - Slapshot by Brayden Point.
17:01 of 1st period - Shot Misses the Net.
17:03 of 1st period - Snap shot by Jason Robertson.
17:03 of 1st period - Shot Blocked by Josh Manson.
17:05 of 1st period - Wrist shot by Alex Ovechkin.
17:05 of 1st period - Stopped by Linus Ullmark without a rebound.
17:06 of 1st period - John Tavares wins face-off versus Nico Hischier in Anaheim Ducks zone.
17:16 of 1st period - Icing by Esa Lindell.
17:17 of 1st period - John Tavares wins face-off versus Brayden Point in Anaheim Ducks zone.
17:35 of 1st period - Off-side.
17:36 of 1st period - Nico Hischier wins face-off versus Chandler Stephenson in neutral zone.
17:46 of 1st period - Minor Penalty to Ian Cole for Hooking.
17:47 of 1st period - William Nylander wins face-off versus Michael Mcleod in Washington Capitals zone.
19:46 of 1st period - Penalty to Ian Cole is over, Ian Cole is back on ice.
19:51 of 1st period - Snap shot by Alex Killorn.
19:51 of 1st period - Shot Blocked by John Carlson.
19:53 of 1st period - Wrist shot by Ivan Provorov.
19:53 of 1st period - Shot Misses the Net.
19:55 of 1st period - Snap shot by Ivan Provorov.
19:55 of 1st period - Shot Misses the Net.
19:57 of 1st period - Slapshot by Josh Manson.
19:57 of 1st period - Shot Blocked by David Savard.
19:59 of 1st period - Snap shot by Alex Killorn.
19:59 of 1st period - Shot Blocked by John Carlson.
Goals for this period are 0 for Anaheim Ducks vs 0 for Washington Capitals.
Shots for this period are 12 for Anaheim Ducks vs 5 for Washington Capitals.
2nd period
0:01 of 2nd period - Brayden Point wins face-off versus John Tavares in neutral zone.
0:14 of 2nd period - John Carlson is hit by Joshua Morrissey and loses puck.
0:38 of 2nd period - Snap shot by Brayden Schenn.
0:38 of 2nd period - Stopped by Jake Oettinger without a rebound.
0:39 of 2nd period - Brayden Point wins face-off versus Nazem Kadri in Washington Capitals zone.
0:48 of 2nd period - Snap shot by Alex Killorn.
0:48 of 2nd period - Deflect By Nazem Kadri.
0:48 of 2nd period - Shot Blocked by Jason Robertson.
0:48 of 2nd period - Puck is out of play.
0:49 of 2nd period - Brayden Point wins face-off versus Nazem Kadri in Washington Capitals zone.
1:34 of 2nd period - Alex Killorn is hit by Ian Cole and loses puck.
1:45 of 2nd period - Wrist shot by Brayden Point.
1:45 of 2nd period - Stopped by Linus Ullmark with a rebound.
2:01 of 2nd period - Wrist shot by Nazem Kadri.
2:01 of 2nd period - Deflect By Teuvo Teravainen.
2:01 of 2nd period - Goal by Teuvo Teravainen - Anaheim Ducks : 1 - Washington Capitals : 0.
2:02 of 2nd period - Mark Scheifele wins face-off versus Nico Hischier in neutral zone.
2:09 of 2nd period - Wrist shot by Brad Marchand.
2:09 of 2nd period - Stopped by Linus Ullmark without a rebound.
2:10 of 2nd period - John Tavares wins face-off versus Nico Hischier in Anaheim Ducks zone.
2:19 of 2nd period - Slapshot by Nico Hischier.
2:19 of 2nd period - Shot Misses the Net.
2:21 of 2nd period - Slapshot by Nico Hischier.
2:21 of 2nd period - Shot Misses the Net.
2:27 of 2nd period - Snap shot by Brad Marchand.
2:27 of 2nd period - Stopped by Linus Ullmark without a rebound.
2:28 of 2nd period - Michael Mcleod wins face-off versus Chandler Stephenson in Anaheim Ducks zone.
2:29 of 2nd period - Snap shot by Owen Tippett.
2:29 of 2nd period - Stopped by Linus Ullmark with a rebound.
2:35 of 2nd period - Slapshot by Joshua Morrissey.
2:35 of 2nd period - Shot Blocked by David Savard.
2:37 of 2nd period - Snap shot by Chandler Stephenson.
2:37 of 2nd period - Shot Misses the Net.
2:39 of 2nd period - Snap shot by Esa Lindell.
2:39 of 2nd period - Stopped by Jake Oettinger with a rebound.
2:55 of 2nd period - Mark Scheifele is hit by Jason Robertson and loses puck.
3:04 of 2nd period - Snap shot by Mark Scheifele.
3:04 of 2nd period - Stopped by Jake Oettinger with a rebound.
3:24 of 2nd period - Nico Hischier is hit by Teuvo Teravainen and loses puck.
3:33 of 2nd period - Ivan Provorov is hit by Dylan DeMelo.
3:49 of 2nd period - Snap shot by Alex Killorn.
3:49 of 2nd period - Stopped by Jake Oettinger without a rebound.
3:50 of 2nd period - Brayden Point wins face-off versus John Tavares in Washington Capitals zone.
4:16 of 2nd period - Nick Jensen is hit by Max Domi and loses puck.
5:01 of 2nd period - Snap shot by Brad Marchand.
5:01 of 2nd period - Stopped by Linus Ullmark without a rebound.
5:02 of 2nd period - Nico Hischier wins face-off versus Nazem Kadri in Anaheim Ducks zone.
5:09 of 2nd period - Backhand shot by Nico Hischier.
5:09 of 2nd period - Deflect By Brad Marchand.
5:09 of 2nd period - Stopped by Linus Ullmark without a rebound.
5:10 of 2nd period - Brayden Point wins face-off versus John Tavares in Anaheim Ducks zone.
5:11 of 2nd period - Snap shot by Jason Robertson.
5:11 of 2nd period - Stopped by Linus Ullmark with a rebound.
5:27 of 2nd period - Snap shot by William Nylander.
5:27 of 2nd period - Stopped by Jake Oettinger with a rebound.
5:41 of 2nd period - Off-side.
5:42 of 2nd period - Nico Hischier wins face-off versus J.T. Compher in neutral zone.
5:47 of 2nd period - Wrist shot by John Carlson.
5:47 of 2nd period - Stopped by Linus Ullmark without a rebound.
5:48 of 2nd period - John Tavares wins face-off versus Drake Batherson in Anaheim Ducks zone.
7:18 of 2nd period - Snap shot by Brad Marchand.
7:18 of 2nd period - Goal by Brad Marchand - Anaheim Ducks : 1 - Washington Capitals : 1.
7:19 of 2nd period - Brayden Point wins face-off versus Chandler Stephenson in neutral zone.
7:24 of 2nd period - Morgan Rielly is hit by Brayden Point.
7:59 of 2nd period - Slapshot by Max Domi.
7:59 of 2nd period - Stopped by Jake Oettinger with a rebound.
8:04 of 2nd period - Minor Penalty to Dominik Kubalik for Cross-checking.
8:05 of 2nd period - John Tavares wins face-off versus Michael Mcleod in Washington Capitals zone.
8:07 of 2nd period - Snap shot by John Tavares.
8:07 of 2nd period - Shot Misses the Net.
9:12 of 2nd period - Wrist shot by Nick Foligno.
9:12 of 2nd period - Shot Misses the Net.
10:00 of 2nd period - Nick Foligno is hit by Mark Scheifele and loses puck.
10:04 of 2nd period - Penalty to Dominik Kubalik is over, Dominik Kubalik is back on ice.
10:51 of 2nd period - Nazem Kadri is hit by Nico Hischier and loses puck.
11:08 of 2nd period - Mason Marchment is hit by Ian Cole and loses puck.
11:41 of 2nd period - Jordan Kyrou is hit by Mason Marchment and loses puck.
12:30 of 2nd period - Off-side.
12:31 of 2nd period - Chandler Stephenson wins face-off versus Michael Mcleod in neutral zone.
12:50 of 2nd period - William Nylander is hit by Jason Robertson and loses puck.
12:55 of 2nd period - Snap shot by Brayden Point.
12:55 of 2nd period - Shot Misses the Net.
13:34 of 2nd period - Snap shot by Brayden Schenn.
13:34 of 2nd period - Shot Blocked by Dylan DeMelo.
13:36 of 2nd period - Wrist shot by Joshua Morrissey.
13:36 of 2nd period - Stopped by Jake Oettinger without a rebound.
13:37 of 2nd period - Chandler Stephenson wins face-off versus Isac Lundestrom in Washington Capitals zone.
14:00 of 2nd period - Wrist shot by Dominik Kubalik.
14:00 of 2nd period - Stopped by Linus Ullmark without a rebound.
14:01 of 2nd period - John Tavares wins face-off versus Brayden Point in Anaheim Ducks zone.
14:01 of 2nd period - John Tavares is hit by Alex Ovechkin.
14:15 of 2nd period - Backhand shot by John Tavares.
14:15 of 2nd period - Shot Misses the Net.
14:17 of 2nd period - Snap shot by Brenden Dillon.
14:17 of 2nd period - Stopped by Jake Oettinger with a rebound.
14:23 of 2nd period - Minor Penalty to Ian Cole for Hooking.
14:24 of 2nd period - John Tavares wins face-off versus Michael Mcleod in Washington Capitals zone.
16:23 of 2nd period - Penalty to Ian Cole is over, Ian Cole is back on ice.
Goals for this period are 1 for Anaheim Ducks vs 1 for Washington Capitals.
Shots for this period are 9 for Anaheim Ducks vs 10 for Washington Capitals.
3rd period
0:01 of 3rd period - John Tavares wins face-off versus Brayden Point in neutral zone.
1:36 of 3rd period - John Tavares is hit by Dylan DeMelo and loses puck.
1:55 of 3rd period - Snap shot by Max Domi.
1:55 of 3rd period - Stopped by Jake Oettinger without a rebound.
1:56 of 3rd period - Isac Lundestrom wins face-off versus Chandler Stephenson in Washington Capitals zone.
2:20 of 3rd period - Minor Penalty to Brayden Schenn for Roughing.
2:21 of 3rd period - Brayden Point wins face-off versus J.T. Compher in Anaheim Ducks zone.
2:21 of 3rd period - Slapshot by Jason Robertson.
2:21 of 3rd period - Shot Misses the Net.
2:23 of 3rd period - Wrist shot by John Carlson.
2:23 of 3rd period - Stopped by Linus Ullmark without a rebound.
2:24 of 3rd period - Brayden Point wins face-off versus J.T. Compher in Anaheim Ducks zone.
3:02 of 3rd period - Wrist shot by Teuvo Teravainen.
3:02 of 3rd period - Stopped by Jake Oettinger with a rebound.
3:48 of 3rd period - Brenden Dillon is hit by Nick Jensen.
4:10 of 3rd period - Nico Hischier is hit by Josh Manson and loses puck.
4:20 of 3rd period - Penalty to Brayden Schenn is over, Brayden Schenn is back on ice.
4:31 of 3rd period - Alex Killorn is hit by Isac Lundestrom.
4:39 of 3rd period - Wrist shot by Brayden Schenn.
4:39 of 3rd period - Stopped by Jake Oettinger without a rebound.
4:40 of 3rd period - Isac Lundestrom wins face-off versus John Tavares in Washington Capitals zone.
4:45 of 3rd period - Morgan Rielly is hit by Nick Foligno and loses puck.
4:54 of 3rd period - Snap shot by Dominik Kubalik.
4:54 of 3rd period - Stopped by Linus Ullmark with a rebound.
5:20 of 3rd period - Joshua Morrissey is hit by Brad Marchand.
5:40 of 3rd period - Mark Scheifele is hit by Dominik Kubalik.
6:00 of 3rd period - Snap shot by Brayden Point.
6:00 of 3rd period - Stopped by Linus Ullmark without a rebound.
6:01 of 3rd period - Brayden Point wins face-off versus Chandler Stephenson in Anaheim Ducks zone.
6:10 of 3rd period - Wrist shot by Brayden Point.
6:10 of 3rd period - Stopped by Linus Ullmark with a rebound.
6:36 of 3rd period - Wrist shot by Brayden Schenn.
6:36 of 3rd period - Shot Blocked by David Savard.
7:26 of 3rd period - Minor Penalty to Alex Ovechkin for Hooking.
7:27 of 3rd period - Brad Marchand wins face-off versus John Tavares in Washington Capitals zone.
8:24 of 3rd period - Brad Marchand is hit by Calle Jarnkrok and loses puck.
8:46 of 3rd period - Slapshot by Isac Lundestrom.
8:46 of 3rd period - Stopped by Linus Ullmark without a rebound.
8:47 of 3rd period - Isac Lundestrom wins face-off versus John Tavares in Anaheim Ducks zone.
8:56 of 3rd period - Slapshot by Isac Lundestrom.
8:56 of 3rd period - Deflect By Morgan Rielly.
8:56 of 3rd period - Shot Blocked by Morgan Rielly.
8:56 of 3rd period - Puck is out of play.
8:57 of 3rd period - John Tavares wins face-off versus Isac Lundestrom in Anaheim Ducks zone.
9:06 of 3rd period - Nick Foligno is hit by Chandler Stephenson and loses puck.
9:17 of 3rd period - John Tavares is hit by David Savard and loses puck.
9:26 of 3rd period - Penalty to Alex Ovechkin is over, Alex Ovechkin is back on ice.
9:40 of 3rd period - Wrist shot by Mason Marchment.
9:40 of 3rd period - Stopped by Jake Oettinger without a rebound.
9:41 of 3rd period - J.T. Compher wins face-off versus Brayden Point in Washington Capitals zone.
9:52 of 3rd period - Wrist shot by Mason Marchment.
9:52 of 3rd period - Stopped by Jake Oettinger without a rebound.
9:53 of 3rd period - Mark Scheifele wins face-off versus Brayden Point in Washington Capitals zone.
10:25 of 3rd period - Slapshot by Nick Jensen.
10:25 of 3rd period - Shot Misses the Net.
10:39 of 3rd period - Minor Penalty to Brad Marchand for Roughing.
10:40 of 3rd period - John Tavares wins face-off versus Michael Mcleod in Washington Capitals zone.
11:31 of 3rd period - Brayden Schenn is hit by Nick Jensen and loses puck.
12:39 of 3rd period - Penalty to Brad Marchand is over, Brad Marchand is back on ice.
12:59 of 3rd period - Wrist shot by Brad Marchand.
12:59 of 3rd period - Shot Misses the Net.
13:05 of 3rd period - Isac Lundestrom is hit by Chandler Stephenson and loses puck.
13:10 of 3rd period - Wrist shot by Brayden Schenn.
13:10 of 3rd period - Shot Blocked by Isac Lundestrom.
13:18 of 3rd period - Snap shot by Brayden Schenn.
13:18 of 3rd period - Stopped by Jake Oettinger without a rebound.
13:19 of 3rd period - Brayden Point wins face-off versus John Tavares in Washington Capitals zone.
13:26 of 3rd period - Morgan Rielly is hit by Alex Ovechkin and loses puck.
13:49 of 3rd period - Slapshot by J.T. Compher.
13:49 of 3rd period - Shot Misses the Net.
14:04 of 3rd period - Icing by Ivan Provorov.
14:05 of 3rd period - Michael Mcleod wins face-off versus J.T. Compher in Anaheim Ducks zone.
14:53 of 3rd period - Off-side.
14:54 of 3rd period - John Tavares wins face-off versus Nico Hischier in neutral zone.
15:42 of 3rd period - Slapshot by Brad Marchand.
15:42 of 3rd period - Shot Misses the Net.
15:44 of 3rd period - Slapshot by Nick Jensen.
15:44 of 3rd period - Stopped by Linus Ullmark with a rebound.
15:46 of 3rd period - Slapshot by Brad Marchand.
15:46 of 3rd period - Shot Hit the Post.
15:48 of 3rd period - Slapshot by Brad Marchand.
15:48 of 3rd period - Shot Misses the Net.
15:50 of 3rd period - Wrist shot by Brad Marchand.
15:50 of 3rd period - Shot Blocked by Josh Manson.
16:04 of 3rd period - Snap shot by Drake Batherson.
16:04 of 3rd period - Deflect By Brad Marchand.
16:04 of 3rd period - Stopped by Linus Ullmark with a rebound.
16:06 of 3rd period - Snap shot by Drake Batherson.
16:06 of 3rd period - Shot Blocked by Josh Manson.
16:08 of 3rd period - Snap shot by Drake Batherson.
16:08 of 3rd period - Goal by Drake Batherson - Anaheim Ducks : 1 - Washington Capitals : 2.
16:09 of 3rd period - Michael Mcleod wins face-off versus Nazem Kadri in neutral zone.
16:16 of 3rd period - Joshua Morrissey is hit by Michael Mcleod and loses puck.
17:30 of 3rd period - Snap shot by Teuvo Teravainen.
17:30 of 3rd period - Shot Misses the Net.
17:32 of 3rd period - Snap shot by Alex Killorn.
17:32 of 3rd period - Deflect By Teuvo Teravainen.
17:32 of 3rd period - Stopped by Jake Oettinger with a rebound.
17:34 of 3rd period - Snap shot by Josh Manson.
17:34 of 3rd period - Shot Misses the Net.
17:36 of 3rd period - Snap shot by Alex Killorn.
17:36 of 3rd period - Stopped by Jake Oettinger with a rebound.
17:42 of 3rd period - Minor Penalty to Dylan DeMelo for High sticking.
17:43 of 3rd period - John Tavares wins face-off versus Michael Mcleod in Washington Capitals zone.
17:44 of 3rd period - Snap shot by William Nylander.
17:44 of 3rd period - Stopped by Jake Oettinger with a rebound.
17:46 of 3rd period - Snap shot by John Tavares.
17:46 of 3rd period - Stopped by Jake Oettinger with a rebound.
17:48 of 3rd period - Backhand shot by Morgan Rielly.
17:48 of 3rd period - Shot Misses the Net.
17:50 of 3rd period - Snap shot by John Tavares.
17:50 of 3rd period - Shot Blocked by Nick Jensen.
17:52 of 3rd period - Slapshot by Morgan Rielly.
17:52 of 3rd period - Shot Misses the Net.
18:00 of 3rd period - Slapshot by William Nylander.
18:00 of 3rd period - Shot Misses the Net.
18:18 of 3rd period - Snap shot by Chandler Stephenson.
18:18 of 3rd period - Stopped by Jake Oettinger with a rebound.
18:20 of 3rd period - Slapshot by Morgan Rielly.
18:20 of 3rd period - Deflect By Nick Foligno.
18:20 of 3rd period - Stopped by Jake Oettinger with a rebound.
18:29 of 3rd period - Off-side.
18:30 of 3rd period - John Tavares wins face-off versus Michael Mcleod in neutral zone.
18:37 of 3rd period - Anaheim Ducks, Linus Ullmark is pulled from the net.
19:25 of 3rd period - Michael Mcleod is hit by Brayden Schenn.
19:42 of 3rd period - Penalty to Dylan DeMelo is over, Dylan DeMelo is back on ice.
19:55 of 3rd period - Wrist shot by Nico Hischier.
19:55 of 3rd period - Goal by Nico Hischier - Anaheim Ducks : 1 - Washington Capitals : 3.
19:55 of 3rd period - Linus Ullmark from Anaheim Ducks was sent back in the game.
19:56 of 3rd period - Michael Mcleod wins face-off versus Nazem Kadri in neutral zone.
Goals for this period are 0 for Anaheim Ducks vs 2 for Washington Capitals.
Shots for this period are 12 for Anaheim Ducks vs 9 for Washington Capitals.
Back to the Top